Map: King's Cove LE

Players

SortOf - Winner!

  • Race: Zerg Zerg
  • Spawn Location: 11:00

Creed

  • Race: Terran Terran
  • Spawn Location: 5:00

Event: 2019 WCS Spring

VOD

Have the link to the VOD?

Description

Time

  • Played on: May 17, 2019, 6:43 a.m.
  • Length: 12:52

All games in this series

Show
View Real Time Build Order
Export as new Build Order

SortOf Zerg - Winner!

Build Orders: Hatch First 

Get SALT Encoding   

  12  0:01  Drone  
  13  0:13  Overlord  
  13  0:18  Drone  
  14  0:31  Drone x2  
  16  0:50  Hatchery  
  16  0:53  Drone  
  16  0:56  Drone  
  17  1:00  Drone  
  18  1:11  Extractor  
  17  1:16  Spawning Pool  
  17  1:18  Drone  
  17  1:22  Drone  
  18  1:28  Drone  
  19  1:39  Drone  
  20  1:51  Overlord  
  20  2:03  Queen x2  
  20  2:04  Zergling x4  
  26  2:13  Drone x2  
  28  2:22  Overlord  
  28  2:33  Hatchery  
  28  2:35  Drone  
  28  2:38  Drone  
  28  2:42  Metabolic Boost  
  29  2:47  Drone  
  30  2:52  Drone x2  
  30  2:57  Drone x2  
  34  3:03  Queen  
  36  3:09  Drone x2  
  36  3:12  Drone  
  39  3:19  Drone x2  
  41  3:21  Overlord  
  41  3:24  Drone  
  41  3:28  Drone  
  41  3:31  Overlord  
  42  3:37  Queen  
  42  3:38  Overlord  
  42  3:41  Drone  
  44  3:51  Drone x4  
  48  3:58  Drone x2  
  48  3:59  Baneling Nest  
  48  4:01  Evolution Chamber  
  48  4:05  Drone  
  48  4:07  Queen  
  51  4:12  Overlord  
  51  4:14  Queen, Drone x3  
  56  4:20  Zergling x6  
  56  4:21  Zergling x2  
  60  4:27  Drone x4  
  60  4:29  Drone  
  65  4:31  Drone  
  65  4:35  Lair  
  66  4:38  Drone  
  67  4:48  Drone x3  
  67  4:50  Queen  
  67  4:52  Overlord  
  71  4:55  Extractor x2  
  71  4:56  Drone x5  
  71  4:58  Extractor  
  71  4:59  Drone  
  74  5:04  Drone x2  
  74  5:05  Spine Crawler  
  75  5:07  Overlord  
  75  5:10  Zerg Melee Weapons Level 1  
  75  5:14  Extractor, Drone x4  
  75  5:16  Overlord  
  78  5:23  Drone x2  
  78  5:24  Overlord  
  78  5:28  Drone x2  
  82  5:34  Zergling x14  
  89  5:35  Hydralisk Den  
  89  5:41  Centrifical Hooks  
  88  5:48  Extractor, Drone  
  88  5:50  Drone x3  
  88  5:52  Baneling x4  
  88  5:53  Baneling  
  91  5:58  Hatchery, Zergling x10  
  92  6:14  Muscular Augments, Hydralisk x4  
  92  6:15  Overlord  
  100  6:19  Drone  
  100  6:20  Drone  
  100  6:22  Spore Crawler x2  
  100  6:23  Overseer  
  100  6:24  Hydralisk x2  
  104  6:28  Overlord  
  104  6:30  Drone x2  
  106  6:35  Overlord  
  106  6:40  Hydralisk x3  
  112  6:49  Overlord, Hydralisk x4  
  120  6:55  Infestation Pit, Extractor  
  120  6:57  Extractor  
  120  6:58  Drone x4  
  119  7:03  Evolution Chamber  
  119  7:06  Hydralisk x3  
  122  7:12  Zergling x2  
  122  7:13  Drone x4  
  126  7:19  Zerg Missile Weapons Level 1  
  126  7:21  Drone  
  126  7:22  Drone x3  
  130  7:26  Grooved Spines  
  128  7:33  Hydralisk  
  128  7:34  Hydralisk x4  
  134  7:38  Hive  
  134  7:39  Drone  
  134  7:40  Drone  
  134  7:41  Drone  
  134  7:42  Drone  
  136  7:59  Hatchery  
  136  8:00  Zergling x16  
  136  8:05  Spire  
  142  8:15  Zerg Melee Weapons Level 2  
  142  8:17  Zergling x14  
  143  8:21  Baneling x2  
  143  8:46  Overlord  
  143  8:53  Overlord  
  143  8:55  Overlord x2  
  143  9:00  Spine Crawler, Evolution Chamber  
  143  9:01  Spine Crawler  
  143  9:02  Evolution Chamber, Pathogen Glands  
  140  9:05  Baneling x17  
  136  9:22  Greater Spire  
  133  9:24  Zergling x44  
  133  9:28  Zerg Missile Weapons Level 2, Infestor  
  133  9:29  Infestor x3  
  163  9:36  Drone x2  
  163  9:38  Corruptor x4  
  167  9:41  Overlord x2  
  173  9:51  Corruptor x4  
  179  9:56  Overseer  
  179  9:58  Overlord  
  179  10:10  Zergling x20  
  187  10:17  Baneling x11  
  187  10:22  Extractor  
  187  10:25  Extractor, Drone x3  
  187  10:26  Drone x3  
  184  10:34  Brood Lord x5  
  182  10:51  Brood Lord x2  
  182  10:52  Brood Lord  
  182  10:54  Zergling x20  
  182  10:55  Zergling x2  
  196  11:06  Spine Crawler  
  196  11:11  Corruptor  
  194  11:24  Zergling x2  
  194  11:25  Zergling x10  
  198  11:47  Baneling x23  
  198  11:48  Hatchery  
  198  11:50  Hatchery  
  182  12:02  Zergling x2  
  182  12:03  Zergling x4  
  182  12:05  Brood Lord  
  179  12:29  Zergling x36  
  192  12:34  Drone x3  
Show
View Real Time Build Order
Export as new Build Order

Creed Terran 

Build Orders: 2 Factory, Mech 

Get SALT Encoding   

  12  0:00  SCV  
  13  0:12  SCV  
  14  0:18  Supply Depot  
  14  0:24  SCV  
  15  0:40  SCV  
  15  0:41  Barracks  
  16  0:52  SCV  
  17  1:04  SCV  
  18  1:16  SCV  
  19  1:29  Marine  
  20  1:33  Command Center  
  20  1:35  Orbital Command  
  20  1:47  Marine  
  20  1:48  Supply Depot  
  20  1:53  Refinery  
  21  1:58  Refinery  
  21  2:01  SCV  
  22  2:05  Marine  
  23  2:13  SCV  
  24  2:25  SCV  
  24  2:28  Bunker  
  25  2:37  SCV  
  26  2:46  Orbital Command  
  26  2:49  SCV  
  27  2:54  Factory  
  27  3:01  SCV  
  28  3:06  Supply Depot  
  28  3:08  Barracks Reactor  
  28  3:11  SCV  
  28  3:12  Factory  
  29  3:14  SCV  
  30  3:23  SCV  
  31  3:29  SCV  
  31  3:30  Supply Depot  
  32  3:35  SCV  
  33  3:41  SCV  
  34  3:52  SCV  
  35  3:56  Hellion  
  35  3:57  Hellion  
  35  3:58  Barracks Tech Lab  
  35  3:59  SCV  
  40  4:05  SCV, Command Center  
  41  4:11  SCV  
  43  4:17  Hellion, SCV  
  43  4:18  Hellion  
  43  4:22  Hellion, Infernal Pre-Igniter  
  49  4:27  SCV  
  49  4:29  SCV  
  51  4:37  Bunker  
  51  4:39  Hellion x2, Supply Depot  
  51  4:42  SCV  
  56  4:50  Hellion  
  58  4:58  Supply Depot x2  
  58  5:00  Hellion, SCV x2  
  58  5:01  Hellion  
  64  5:10  Refinery  
  64  5:11  Hellion  
  64  5:12  Refinery  
  66  5:15  SCV  
  66  5:16  SCV  
  66  5:18  Armory  
  66  5:19  Orbital Command  
  66  5:20  Armory  
  68  5:22  Hellion x2  
  68  5:28  SCV x2  
  74  5:33  Hellion  
  76  5:40  SCV x2  
  78  5:44  Hellion  
  78  5:45  Hellion  
  82  5:52  Orbital Command, Engineering Bay  
  82  5:54  Siege Tank  
  85  5:57  Supply Depot  
  85  5:58  SCV x2  
  85  6:01  Supply Depot  
  87  6:06  Hellion x2  
  87  6:10  SCV x2  
  91  6:17  Factory x2  
  91  6:18  Terran Vehicle Weapons Level 1, Factory  
  91  6:21  Terran Vehicle And Ship Armor Level 1  
  91  6:28  SCV x3  
  91  6:31  Mag-Field Accelerator  
  92  6:40  SCV  
  92  6:41  Hellion x2  
  92  6:44  SCV x2  
  99  6:49  Cyclone  
  99  6:52  SCV  
  103  6:54  Supply Depot, Refinery  
  103  6:55  Refinery  
  103  6:56  Supply Depot  
  103  7:07  Hellion x2, Factory Tech Lab x3  
  106  7:08  SCV x3  
  108  7:20  SCV x2  
  108  7:22  Sensor Tower  
  110  7:24  Cyclone  
  110  7:26  Cyclone x2  
  115  7:33  Cyclone  
  115  7:34  Hellion  
  115  7:35  Hellion  
  115  7:36  SCV  
  121  7:38  SCV  
  121  7:39  SCV  
  123  7:45  Supply Depot  
  123  7:48  SCV  
  122  7:55  Hellion, SCV x2  
  124  7:59  Cyclone x2  
  124  8:00  SCV, Supply Depot  
  124  8:01  Supply Depot  
  124  8:02  Hellion  
  133  8:07  Cyclone  
  133  8:10  Supply Depot  
  133  8:11  SCV x2  
  133  8:12  SCV  
  139  8:26  Command Center  
  137  8:38  Cyclone  
  137  8:39  Cyclone x2  
  137  8:40  Cyclone  
  151  8:41  Hellion x2  
  153  8:48  Terran Vehicle And Ship Armor Level 2  
  153  8:49  Starport  
  153  8:50  Terran Vehicle Weapons Level 2  
  153  8:52  SCV  
  154  8:58  SCV x2  
  154  9:00  Supply Depot  
  154  9:01  Supply Depot  
  142  9:21  Hellion  
  142  9:22  Hellion, Cyclone x4  
  158  9:30  SCV, Missile Turret  
  158  9:31  SCV, Starport Tech Lab  
  160  9:33  Refinery  
  160  9:34  Fusion Core  
  160  9:35  Supply Depot  
  160  9:37  Refinery  
  160  9:38  Supply Depot  
  160  9:43  Liberator  
  160  9:54  Cyclone  
  161  10:02  Barracks Reactor  
  161  10:04  Starport  
  160  10:15  SCV x3  
  160  10:20  Hellion x2  
  167  10:22  Advanced Ballistics, Cyclone x2  
  170  10:57  Hellion x2, Cyclone x2  
  174  11:05  Planetary Fortress  
  174  11:07  SCV x3, Liberator x3  
  174  11:08  Cyclone  
  180  11:11  Factory  
  180  11:13  Factory  
  173  11:23  Hellion x2  
  173  11:24  Siege Tank  
  169  11:34  Command Center  
  166  11:55  Cyclone x2  
  166  11:56  Cyclone x2  
  166  11:58  Hellion  
  180  12:07  Viking  
  163  12:15  Viking x2  
  123  12:30  Hellion  
  108  12:44  Factory Tech Lab  
  97  12:45  Factory Tech Lab  
Tags
 
Add a new tag
Caveats
  • Supply blocks, unpowered buildings, or Contaminate may cause inaccurate times.
  • Supply counts are checked every 10 seconds.